 Dungeon Sprint DCSS version 0.17-a0-1719-g1afd5a1 (webtiles) character file.

2255 Kidiri the Covert (level 9, -2/39 HPs)
             Began as a Spriggan Enchanter on Aug 27, 2015.
             Was an Elder of Dithmenos.
             Slain by a trapdoor spider (19 damage)
             ... in the Dungeon (Sprint III: "The Ten Rune Challenge").
             The game lasted 00:07:30 (887 turns).

Kidiri the Covert (Spriggan Enchanter)               Turns: 887, Time: 00:07:30

Health: -2/39      AC:  3    Str:  4    XL:     9   Next: 15%
Magic:  19/25      EV: 29    Int: 18    God:    Dithmenos [****..]
Gold:   63         SH:  0    Dex: 18    Spells: 9 memorised, 5 levels left

rFire  . . .     SeeInvis +     a - +1 dagger
rCold  . . .     Clarity  .     b - +1 robe
rNeg   . . .     SustAt   .     (shield restricted)
rPois  .         Gourm    .     (helmet restricted)
rElec  .         Spirit   .     (no cloak)
rCorr  .         Warding  .     (gloves unavailable)
rMut   .         NoTele   +     (boots unavailable)
MR     +....                    (no amulet)
Stlth  +++++++++.               (no ring)
                                (no ring)

@: wreathed by umbra, very quick, somewhat resistant to hostile enchantments,
incredibly stealthy
A: unfitting armour, see invisible, herbivore 3, speed 3, slow metabolism 2
a: Shadow Step, Renounce Religion


You were in the Dungeon.
You worshipped Dithmenos.
Dithmenos was greatly pleased with you.
You were not hungry.

You visited 1 branch You collected 63 gold pieces.

Inventory:

Hand weapons
 a - a +1 dagger (weapon)
Armour
 b - a +1 robe (worn)
Scrolls
 j - a scroll of blinking
 k - a scroll of torment
 m - a scroll of remove curse
Potions
 e - a potion of might
 f - 2 potions of heal wounds
 g - a potion of haste
 h - 2 potions of magic
 i - 2 potions of berserk rage
 n - a potion of lignification {unknown}
 o - a potion of curing
 s - 2 potions of flight
Comestibles
 c - a royal jelly
 d - a bread ration
 q - 3 fruits


   Skills:
 + Level 7.1 Short Blades
 * Level 12.9 Dodging
 * Level 13.8 Stealth
 * Level 11.1 Spellcasting
 + Level 4.2 Conjurations
 + Level 8.6 Hexes
 + Level 6.0 Charms
 + Level 5.1 Ice Magic
 + Level 4.2 Invocations


You had 5 spell levels left.
You knew the following spells:

 Your Spells              Type           Power        Failure   Level  Hunger
a - Corona                Hex            #####..      1%          1    None
b - Ensorcelled Hibernat  Hex/Ice        ####..       1%          2    None
c - Confuse               Hex            #####...     1%          3    None
d - Tukima's Dance        Hex            #####...     1%          3    None
e - Dazzling Spray        Conj/Hex       ####....     1%          3    None
f - Throw Frost           Conj/Ice       ####..       1%          2    None
g - Ozocubu's Armour      Chrm/Ice       ####....     2%          3    None
h - Condensation Shield   Ice            ####......   12%         4    ##.....
i - Throw Icicle          Conj/Ice       ####....     14%         4    ##.....


Dungeon Overview and Level Annotations

Branches:
Dungeon (1/1)

Altars:
Cheibriados
Dithmenos
Elyvilon
Fedhas
Gozag
Kikubaaqudgha
Makhleb
Nemelex Xobeh
Okawaru
Qazlal
Ru
Sif Muna
Trog
Vehumet
Xom
Yredelemnul
Zin
The Shining One
Jiyva
Lugonu


Innate Abilities, Weirdness & Mutations

You are tiny and cannot use many weapons and most armour.
You have supernaturally acute eyesight.
You are a herbivore.
You cover ground extremely quickly.
You need consume almost no food.


Message History

The trapdoor spider bites you!
You miss the redback.
Your shadow hits the redback but does no damage.
The redback misses you.
The trapdoor spider completely misses you.
Unknown command.
The trapdoor spider bites you!
There is an open door here.
Casting: Ensorcelled Hibernation
Confirm with . or Enter, or press ? or * to list all spells.
Aiming: Dazzling Spray
Press: ? - help, Shift-Dir - straight line, f/p - trapdoor spider
Aim: a trapdoor spider (clinging, umbra)
The spray of energy hits the trapdoor spider.
The trapdoor spider is lightly wounded.
The trapdoor spider is dazzled.
The spray of energy hits the redback.
The redback is heavily wounded.
The redback is dazzled.
The redback completely misses you. The trapdoor spider bites you!!
You die...

+## ..# ..# #'#
..#+#####################
..#....#)#)#)....#......+
..##.#.)#.##.###)#....(.#
..'##.#.#.##.#.)##..(...#
..#...#..#..##..@s......#
▓▓▓▓▓▓▓▓▓▓▓▓▓▓▓▓#s....(.#
#...^...# +..(....#
#....((.# ##+######


You could see a trapdoor spider (blind) and a redback (blind).

Vanquished Creatures
  Erolcha (D)
  A deep elf priest (D)
  A trapdoor spider (D)
  A shadow (D)
  A hill giant (D)
  A spatial vortex (D)
  A necrophage (D)
  3 two-headed ogres (D)
  A water elemental (D)
  A jelly (D)
  A wizard (D)
  A necromancer (D)
  A kobold demonologist (D)
  3 humans (D)
  2 oozes (D)
  A phantom (D)
  2 rats (D)
23 creatures vanquished.

Vanquished Creatures (collateral kills)
  A hill giant (D)
1 creature vanquished.

Vanquished Creatures (others)
  2 draconian scorchers (D)
  A yaktaur (D)
  2 plants (D)
5 creatures vanquished.

Grand Total: 29 creatures vanquished

Notes
Turn   | Place    | Note
--------------------------------------------------------------
     0 | D        | Kidiri the Spriggan Enchanter began the quest for the Orb.
     0 | D        | Reached XP level 1. HP: 9/9 MP: 5/5
    11 | D        | Reached skill level 5 in Stealth
    11 | D        | Reached XP level 2. HP: 13/13 MP: 5/7
    14 | D        | Killed a yaktaur
    15 | D        | Learned a level 2 spell: Ensorcelled Hibernation
    85 | D        | Reached skill level 5 in Dodging
    85 | D        | Reached skill level 6 in Stealth
    85 | D        | Reached XP level 3. HP: 14/16 MP: 3/9
    90 | D        | Learned a level 3 spell: Confuse
    94 | D        | Learned a level 3 spell: Tukima's Dance
   137 | D        | Reached skill level 1 in Ice Magic
   205 | D        | Gained mutation: You have sharp toenails. [potion of mutation]
   205 | D        | Gained mutation: You expend magic power (3 MP) to strengthen your wands. [potion of mutation]
   205 | D        | Gained mutation: You are clumsy. (Dex -2) [potion of mutation]
   206 | D        | Lost mutation: You are clumsy. (Dex -2) [potion of cure mutation]
   206 | D        | Lost mutation: You have sharp toenails. [potion of cure mutation]
   206 | D        | Lost mutation: You expend magic power (3 MP) to strengthen your wands. [potion of cure mutation]
   207 | D        | Gained mutation: Your magical capacity is low (-10% MP). [potion of mutation]
   207 | D        | Gained mutation: You have a pair of small horns on your head. [potion of mutation]
   207 | D        | Gained mutation: Armour fits poorly on your strangely shaped body. [potion of mutation]
   208 | D        | Lost mutation: Your magical capacity is low (-10% MP). [potion of cure mutation]
   208 | D        | Lost mutation: Armour fits poorly on your strangely shaped body. [potion of cure mutation]
   208 | D        | Lost mutation: You have a pair of small horns on your head. [potion of cure mutation]
   223 | D        | Killed a white draconian scorcher
   237 | D        | Killed a white draconian scorcher
   283 | D        | Noticed a water elemental
   285 | D        | Killed a water elemental
   285 | D        | Reached skill level 7 in Stealth
   285 | D        | Reached skill level 5 in Spellcasting
   285 | D        | Reached skill level 5 in Hexes
   285 | D        | Reached XP level 4. HP: 21/21 MP: 9/12
   290 | D        | Learned a level 3 spell: Dazzling Spray
   317 | D        | Noticed a jelly
   318 | D        | Noticed a shadow
   320 | D        | Killed a shadow
   320 | D        | Reached skill level 8 in Dodging
   320 | D        | Reached skill level 9 in Stealth
   320 | D        | Reached skill level 1 in Conjurations
   320 | D        | Reached XP level 5. HP: 24/24 MP: 12/15
   324 | D        | Killed a jelly
   324 | D        | Reached XP level 6. HP: 28/28 MP: 13/17
   350 | D        | Found a stormy altar of Qazlal.
   350 | D        | Noticed a spatial vortex
   351 | D        | Killed a spatial vortex
   351 | D        | Reached skill level 5 in Short Blades
   351 | D        | Reached skill level 10 in Stealth
   352 | D        | Found a sacrificial altar of Ru.
   352 | D        | Found a burning altar of Makhleb.
   352 | D        | Found a viscous altar of Jiyva.
   352 | D        | Found a shimmering altar of Xom.
   352 | D        | Found a shadowy altar of Dithmenos.
   352 | D        | Found a sparkling altar of Nemelex Xobeh.
   352 | D        | Found a corrupted altar of Lugonu.
   352 | D        | Found an opulent altar of Gozag.
   356 | D        | Became a worshipper of Dithmenos the Shadowed
   382 | D        | Found a radiant altar of Vehumet.
   383 | D        | Found a deep blue altar of Sif Muna.
   383 | D        | Found an ancient bone altar of Kikubaaqudgha.
   383 | D        | Noticed a wizard
   386 | D        | Killed a wizard
   393 | D        | Noticed a sun demon
   395 | D        | Noticed a rust devil
   545 | D        | Noticed a sixfirhy
   566 | D        | Learned a level 2 spell: Throw Frost
   570 | D        | Learned a level 3 spell: Ozocubu's Armour
   575 | D        | Learned a level 4 spell: Condensation Shield
   583 | D        | Found a glowing silver altar of Zin.
   584 | D        | Found a glowing golden altar of the Shining One.
   584 | D        | Found a white marble altar of Elyvilon.
   584 | D        | Noticed a deep elf priest
   586 | D        | Killed a deep elf priest
   586 | D        | Reached skill level 10 in Dodging
   586 | D        | Reached skill level 11 in Stealth
   586 | D        | Reached skill level 1 in Invocations
   586 | D        | Reached XP level 7. HP: 32/32 MP: 18/20
   602 | D        | Found an iron altar of Okawaru.
   603 | D        | Found a bloodstained altar of Trog.
   603 | D        | Noticed a human
   603 | D        | Noticed a human
   605 | D        | Killed a human
   608 | D        | Killed a human
   608 | D        | Reached skill level 12 in Stealth
   681 | D        | Found a snail-covered altar of Cheibriados.
   681 | D        | Noticed a necrophage
   682 | D        | Found a basalt altar of Yredelemnul.
   682 | D        | Found a blossoming altar of Fedhas.
   682 | D        | Noticed a necromancer
   683 | D        | Killed a necrophage
   683 | D        | Acquired Dithmenos's first power
   683 | D        | Reached XP level 8. HP: 36/36 MP: 22/22
   684 | D        | Killed a necromancer
   697 | D        | Learned a level 4 spell: Throw Icicle
   741 | D        | Noticed a two-headed ogre
   741 | D        | Noticed a two-headed ogre
   745 | D        | Killed a two-headed ogre
   747 | D        | Killed a two-headed ogre
   747 | D        | Reached skill level 10 in Spellcasting
   751 | D        | Noticed a two-headed ogre
   752 | D        | Killed a two-headed ogre
   758 | D        | Noticed a hill giant
   761 | D        | Killed a hill giant
   761 | D        | Acquired Dithmenos's second power
   765 | D        | Noticed a hill giant
   765 | D        | Noticed Erolcha
   773 | D        | Killed Erolcha
   773 | D        | Reached skill level 13 in Stealth
   773 | D        | Reached skill level 5 in Charms
   773 | D        | Reached skill level 5 in Ice Magic
   773 | D        | Reached XP level 9. HP: 34/39 MP: 15/24
   778 | D        | Killed a hill giant
   841 | D        | Noticed a redback
   845 | D        | Noticed a trapdoor spider
   850 | D        | Killed a trapdoor spider
   850 | D        | Acquired Dithmenos's third power
   880 | D        | Noticed a trapdoor spider
   887 | D        | Slain by a trapdoor spider

Vault maps used:
D:        dungeon_sprint_mu

Action                   |  1- 3 |  4- 6 |  7- 9 || total
-------------------------+-------+-------+-------++-------
Melee: Dagger            |    40 |    13 |    15 ||    68
 Cast: Corona            |     6 |     1 |       ||     7
       Ensorcelled Hiber |     1 |     1 |     8 ||    10
       Confuse           |     1 |       |     1 ||     2
       Dazzling Spray    |       |     8 |     2 ||    10
       Tukima's Dance    |       |       |     1 ||     1
  Use: Potion            |     5 |       |       ||     5
       Scroll            |     4 |       |       ||     4
 Stab: Sleeping          |     5 |     4 |     9 ||    18
       Invisible         |       |     2 |     2 ||     4
